AoeStats
← FranGinaro

Fortress

510223805Analyzed
4v4 RM · 10h ago on Sep 30, 2026· 22m 29s· 8 players
Game mode
Random Map
Map size
Huge
Population
200
Speed
Normal
Resources
Standard
Victory
Conquest
Starting age
Dark Age
Ending age
Imperial Age
RankedLock teamsTeams togetherTeam positionsShared explorationLock speedFull tech treeHidden civsTurbo modeCheats
Victory
Defeat
🇨🇴 Vietnamese · Colombia
1208
+12
🇲🇽 Saracens · Mexico
1182
+13
🇨🇴 Persians · Colombia
1137
+14
🇺🇸 Byzantines · United States
1108
+15
🇦🇷 Poles · Argentina
1156
-16
🇫🇷 Jurchens · France
1118
-14
🇺🇸 Britons · United States
1073
-12
🇺🇸 Byzantines · United States
1067
-12
thelight00001
7:57 Feudal Age
11:52 Castle Age
9:55 Double-Bit Axe
10:03 Horse Collar
13:05 Bow Saw
14:16 Loom
18:42 Wheelbarrow
19:30 Scale Barding Armor
19:37 Forging
21:37 Chain Barding Armor
23:12 Iron Casting
22:39 Husbandry
senninha
8:33 Feudal Age
6:59 Loom
9:57 Double-Bit Axe
9:55 Horse Collar
12:29 Castle Age
11:13 Town Watch
12:02 Gold Mining
13:15 Wheelbarrow
13:16 Padded Archer Armor
18:11 Leather Archer Armor
20:26 Hand Cart
21:23 Stone Mining
littlestewey
6:35 Feudal Age
8:28 Wheelbarrow
8:22 Double-Bit Axe
8:36 Horse Collar
14:32 Castle Age
15:06 Crossbowman
19:38 Pikeman
22:17 Fletching
FranGinaro
7:18 Feudal Age
11:44 Castle Age
9:44 Double-Bit Axe
9:47 Horse Collar
12:46 Bow Saw
12:37 Heavy Plow
17:42 Wheelbarrow
17:39 Town Watch
20:21 Hand Cart
RickySuSo
6:16 Loom
8:57 Feudal Age
8:05 Loom
9:30 Double-Bit Axe
9:26 Horse Collar
10:15 Loom
13:52 Castle Age
12:11 Fletching
12:49 Gold Mining
13:23 Padded Archer Armor
14:44 Crossbowman
15:20 Bodkin Arrow
16:34 Wheelbarrow
17:53 Bow Saw
19:22 Scale Barding Armor
22:18 Heavy Plow
23:15 Hand Cart
ntm.KongDiablo
9:20 Feudal Age
10:09 Double-Bit Axe
10:07 Horse Collar
13:05 Castle Age
11:18 Gold Mining
13:05 Town Watch
13:06 Loom
14:02 Bow Saw
14:34 Husbandry
16:23 Heavy Plow
21:07 Scale Barding Armor
23:24 Wheelbarrow
Kriptico
8:32 Feudal Age
12:48 Castle Age
11:23 Double-Bit Axe
11:21 Horse Collar
12:20 Wheelbarrow
19:28 Bow Saw
19:54 Heavy Plow
NTM.W.ALARCON
8:21 Feudal Age
9:37 Double-Bit Axe
13:58 Castle Age
13:03 Double-Bit Axe
13:00 Horse Collar
13:37 Bloodlines
13:34 Loom
14:18 Gold Mining
18:43 Scale Barding Armor
20:54 Forging
Connection lost

Rejoining the realm…

Still unreachable

The connection could not be restored.

Session expired

The server has moved on; the page needs a fresh start.